General information
- name: BNet
- type: Ladder team game (AT/RT)
- host: Battle.net
- saver: YAMADA1STTIME
map: FullScaleAssault
- players: 8
- length: 74:00
- speed: Fast
- version: 1.26 W3XP
- replay type: Public
» download(422 KB)
Players
team 1 (winner)

»
ShaPooPy (
orange | 46 APM | 2761 actions | 59:58)
6 Pandaren Brewmaster
3 Breath of Fire
2 Drunken Haze
1 Storm Earth and Fire
» actions
| Assign group hotkey | 231 | |
| Basic commands | 166 | |
| Build / train | 69 | |
| ESC pressed | 1 | |
| Enter build submenu | 21 | |
| Enter hero's abilities submenu | 6 | |
| Give item / drop item | 3 | |
| Right click | 935 | |
| Select / deselect | 508 | |
| Select group hotkey | 627 | |
| Use ability | 194 | |
2761 total
» units
| Acolyte | 13 | |
| Ghoul | 2 | |
| Crypt Fiend | 15 | |
| Obsidian Statue | 7 | |
37 total
» upgrades
| Creature Attack | 1 | |
| Web | 1 | |
| Burrow | 1 | |
| Destroyer Form | 1 | |
| Creature Carapace | 1 | |
5 total
» buildings
| Crypt | 2 | |
| Graveyard | 1 | |
| Ziggurat | 10 | |
| Altar of Darkness | 1 | |
| Halls of the Dead | 2 | |
| Spirit Tower | 2 | |
| Nerubian Tower | 2 | |
| Slaughterhouse | 2 | |
| Black Citadel | 1 | |
| Tomb of Relics | 1 | |
| Sacrificial Pit | 1 | |
25 total
» build order
00:07 Crypt
00:11 Graveyard
00:38 Ziggurat
01:01 Crypt
01:28 Ziggurat
01:47 Altar of Darkness
03:28 Ziggurat
04:51 Ziggurat
06:29 Ziggurat
07:02 Halls of the Dead
07:02 Halls of the Dead
07:32 Spirit Tower
07:33 Nerubian Tower
07:59 Spirit Tower
09:19 Ziggurat
09:21 Ziggurat
09:22 Ziggurat
09:28 Slaughterhouse
09:38 Slaughterhouse
11:19 Black Citadel
11:36 Tomb of Relics
14:39 Ziggurat
14:43 Nerubian Tower
17:50 Ziggurat
25:23 Sacrificial Pit
» items
| Circlet of Nobility | 2 | |
| Scroll of Town Portal | 3 | |
| Scroll of Healing | 1 | |
| Potion of Invisibility | 1 | |
| Staff of Teleportation | 1 | |
| Potion of Lesser Invulnerability | 1 | |
| Boots of Speed | 1 | |
| Dust of Appearance | 3 | |
13 total
YAMADA1STTIME (
pink | 55 APM | 4052 actions | 74:00)
11 Mountain King
3 Storm Bolt
3 Bash
2 Avatar
3 Thunder Clap
» actions
| Assign group hotkey | 164 | |
| Basic commands | 104 | |
| Build / train | 109 | |
| Enter build submenu | 27 | |
| Enter hero's abilities submenu | 11 | |
| Give item / drop item | 2 | |
| Right click | 1630 | |
| Select / deselect | 417 | |
| Select group hotkey | 1408 | |
| Use ability | 180 | |
4052 total
» units
| Peasant | 12 | |
| Footman | 4 | |
| Goblin Shredder | 4 | |
| Gryphon Rider | 8 | |
| Goblin Zeppelin | 1 | |
29 total
» upgrades
| Masonry | 3 | |
| Swords | 3 | |
| Armor | 3 | |
| Animal War Training | 1 | |
| Storm Hammers | 1 | |
| Cloud | 1 | |
| Gunpowder | 1 | |
13 total
» buildings
| Altar of Kings | 1 | |
| Barracks | 1 | |
| Farm | 10 | |
| Scout Tower | 49 | |
| Town Hall | 4 | |
| Arcane Tower | 1 | |
| Keep | 3 | |
| Lumber Mill | 1 | |
| Arcane Vault | 1 | |
| Blacksmith | 1 | |
| Guard Tower | 23 | |
| Castle | 2 | |
| Gryphon Aviary | 5 | |
102 total
» build order
00:08 Altar of Kings
00:21 Barracks
00:35 Farm
00:50 Farm
01:30 Scout Tower
01:53 Farm
03:19 Town Hall
03:40 Arcane Tower
04:16 Farm
04:51 Keep
04:54 Lumber Mill
05:11 Town Hall
05:14 Scout Tower
05:43 Arcane Vault
06:37 Blacksmith
06:44 Guard Tower
06:45 Guard Tower
06:58 Scout Tower
06:59 Scout Tower
07:01 Scout Tower
07:01 Scout Tower
07:14 Castle
07:39 Guard Tower
08:09 Scout Tower
08:09 Scout Tower
08:10 Scout Tower
08:11 Scout Tower
08:12 Scout Tower
08:13 Scout Tower
08:42 Guard Tower
08:47 Gryphon Aviary
08:48 Gryphon Aviary
09:17 Guard Tower
09:30 Farm
09:31 Farm
09:31 Farm
09:33 Farm
09:33 Farm
10:16 Guard Tower
12:08 Scout Tower
12:08 Scout Tower
12:12 Scout Tower
12:13 Scout Tower
13:09 Guard Tower
13:10 Guard Tower
13:17 Scout Tower
13:17 Scout Tower
13:18 Scout Tower
13:19 Scout Tower
13:36 Guard Tower
14:03 Guard Tower
14:03 Guard Tower
14:09 Gryphon Aviary
16:17 Guard Tower
17:15 Town Hall
17:17 Scout Tower
17:18 Scout Tower
17:18 Scout Tower
17:19 Scout Tower
17:19 Scout Tower
17:20 Scout Tower
17:21 Scout Tower
17:45 Farm
17:51 Guard Tower
18:23 Guard Tower
19:46 Keep
19:47 Guard Tower
20:43 Scout Tower
20:43 Scout Tower
20:43 Scout Tower
20:44 Scout Tower
20:45 Scout Tower
20:46 Scout Tower
20:46 Scout Tower
20:47 Scout Tower
20:48 Scout Tower
20:49 Scout Tower
21:39 Guard Tower
21:49 Guard Tower
22:23 Guard Tower
22:24 Castle
22:28 Gryphon Aviary
22:30 Gryphon Aviary
29:19 Town Hall
29:21 Scout Tower
29:21 Scout Tower
29:22 Scout Tower
29:22 Scout Tower
29:22 Scout Tower
29:24 Scout Tower
30:35 Guard Tower
31:33 Guard Tower
» items
| Scroll of Town Portal | 6 | |
| Scroll of Regeneration | 4 | |
| Boots of Speed | 1 | |
| Staff of Teleportation | 1 | |
| Potion of Invisibility | 2 | |
| Potion of Lesser Invulnerability | 2 | |
| Orb of Fire | 1 | |
| Lesser Clarity Potion | 1 | |
| Potion of Mana | 1 | |
19 total
MasterOfWC3 (
yellow | 20 APM | 1514 actions | 73:59)
6 Beastmaster
3 Summon Bear
2 Summon Hawk
1 Stampede
6 Goblin Tinker
3 Pocket Factory
2 Engineering Upgrade
1 Robo-Goblin
» actions
| Basic commands | 3 | |
| Build / train | 98 | |
| Enter build submenu | 28 | |
| Enter hero's abilities submenu | 12 | |
| Give item / drop item | 5 | |
| Remove unit from queue | 1 | |
| Right click | 751 | |
| Select / deselect | 525 | |
| Use ability | 91 | |
1514 total
» units
| Wisp | 38 | |
| Goblin Shredder | 1 | |
| Goblin Zeppelin | 1 | |
| Chimaera | 8 | |
| Faerie Dragon | 4 | |
| Druid of the Talon | 1 | |
| Hippogryph | 2 | |
55 total
» upgrades
| Strength of the Wild | 3 | |
| Reinforced Hides | 4 | |
| Well Spring | 1 | |
| Nature's Blessing | 1 | |
| Ultravision | 1 | |
| Corrosive Breath | 1 | |
| Druid of the Talon Training | 2 | |
| Mark of the Talon | 1 | |
14 total
» buildings
| Moon Well | 7 | |
| Altar of Elders | 1 | |
| Ancient of Wonders | 1 | |
| Hunter's Hall | 1 | |
| Tree of Ages | 3 | |
| Tree of Eternity | 1 | |
| Ancient of Wind | 4 | |
| Tree of Life | 3 | |
| Ancient Protector | 6 | |
| Chimaera Roost | 3 | |
30 total
» build order
00:13 Moon Well
00:56 Altar of Elders
01:56 Moon Well
02:00 Moon Well
02:12 Ancient of Wonders
03:01 Moon Well
03:05 Hunter's Hall
03:49 Tree of Ages
03:49 Tree of Ages
04:13 Moon Well
04:15 Moon Well
04:18 Moon Well
06:30 Tree of Eternity
06:48 Ancient of Wind
06:50 Ancient of Wind
08:09 Tree of Life
08:14 Ancient Protector
08:16 Ancient Protector
08:19 Ancient Protector
11:45 Ancient of Wind
12:01 Ancient of Wind
12:43 Ancient Protector
12:49 Ancient Protector
13:33 Tree of Life
14:06 Chimaera Roost
14:08 Chimaera Roost
14:10 Chimaera Roost
29:32 Ancient Protector
38:07 Tree of Life
» items
| Orb of Venom | 2 | |
| Scroll of Town Portal | 3 | |
| Potion of Healing | 5 | |
10 total

»
MykonosKing (
purple | 26 APM | 1890 actions | 73:59)
7 Demon Hunter
2 Immolation
3 Evasion
1 Mana Burn
1 Metamorphosis
» actions
| Basic commands | 1 | |
| Build / train | 85 | |
| ESC pressed | 1 | |
| Enter build submenu | 27 | |
| Enter hero's abilities submenu | 7 | |
| Give item / drop item | 2 | |
| Remove unit from queue | 4 | |
| Right click | 1110 | |
| Select / deselect | 567 | |
| Use ability | 86 | |
1890 total
» units
| Wisp | 16 | |
| Archer | 8 | |
| Huntress | 2 | |
| Dryad | 12 | |
| Mountain Giant | 11 | |
| Hippogryph | 1 | |
| Chimaera | 3 | |
53 total
» upgrades
| Ultravision | 1 | |
| Strength of the Moon | 1 | |
| Strength of the Wild | 2 | |
| Abolish Magic | 1 | |
| Resistant Skin | 1 | |
| Hardened Skin | 1 | |
| Reinforced Hides | 1 | |
| Corrosive Breath | 1 | |
| Moon Armor | 1 | |
10 total
» buildings
| Altar of Elders | 1 | |
| Moon Well | 8 | |
| Ancient of War | 1 | |
| Hunter's Hall | 1 | |
| Tree of Ages | 1 | |
| Ancient Protector | 5 | |
| Ancient of Lore | 2 | |
| Ancient of Wonders | 1 | |
| Tree of Eternity | 1 | |
| Ancient of Wind | 1 | |
| Chimaera Roost | 1 | |
23 total
» build order
03:35 Altar of Elders
03:42 Moon Well
03:58 Ancient of War
05:20 Moon Well
05:49 Hunter's Hall
06:32 Moon Well
07:15 Tree of Ages
08:33 Ancient Protector
09:59 Moon Well
10:04 Ancient of Lore
10:11 Ancient of Lore
10:44 Ancient of Wonders
10:51 Tree of Eternity
13:47 Moon Well
14:50 Moon Well
17:05 Ancient of Wind
18:19 Ancient Protector
19:17 Ancient Protector
19:31 Ancient Protector
24:44 Chimaera Roost
25:36 Moon Well
25:40 Moon Well
58:25 Ancient Protector
» items
| Potion of Lesser Invulnerability | 2 | |
| Potion of Invisibility | 1 | |
| Lesser Clarity Potion | 1 | |
| Scroll of Regeneration | 2 | |
| Scroll of Healing | 1 | |
| Boots of Speed | 1 | |
8 total
team 2 (loser)
huutu (
blue | 69 APM | 4164 actions | 60:26)
7 Mountain King
3 Storm Bolt
3 Thunder Clap
1 Avatar
5 Paladin
2 Holy Light
3 Divine Shield
4 Pandaren Brewmaster
2 Breath of Fire
2 Drunken Brawler
» actions
| Assign group hotkey | 32 | |
| Basic commands | 143 | |
| Build / train | 101 | |
| Enter build submenu | 26 | |
| Enter hero's abilities submenu | 18 | |
| Give item / drop item | 4 | |
| Remove unit from queue | 4 | |
| Right click | 932 | |
| Select / deselect | 523 | |
| Select group hotkey | 2241 | |
| Use ability | 140 | |
4164 total
» units
| Peasant | 20 | |
| Rifleman | 12 | |
| Priest | 8 | |
| Blue Drake | 3 | |
| Spell Breaker | 3 | |
| Goblin Zeppelin | 2 | |
48 total
» upgrades
| Armor | 3 | |
| Gunpowder | 2 | |
| Long Rifles | 1 | |
| Priest Training | 2 | |
| Control Magic | 1 | |
| Plating | 1 | |
10 total
» buildings
| Farm | 26 | |
| Lumber Mill | 2 | |
| Altar of Kings | 2 | |
| Blacksmith | 2 | |
| Barracks | 2 | |
| Arcane Vault | 1 | |
| Keep | 2 | |
| Town Hall | 5 | |
| Castle | 3 | |
| Arcane Sanctum | 1 | |
| Workshop | 2 | |
48 total
» build order
00:26 Farm
00:27 Farm
00:41 Lumber Mill
01:09 Altar of Kings
01:39 Blacksmith
02:10 Barracks
02:19 Barracks
02:25 Farm
02:31 Farm
02:31 Farm
02:49 Arcane Vault
04:41 Farm
04:42 Farm
05:17 Farm
05:53 Keep
06:03 Farm
06:04 Farm
07:38 Town Hall
08:21 Castle
08:46 Arcane Sanctum
09:35 Town Hall
11:00 Farm
11:00 Farm
14:02 Farm
14:02 Farm
14:03 Farm
14:05 Farm
14:11 Lumber Mill
25:03 Town Hall
36:55 Town Hall
37:50 Altar of Kings
43:51 Keep
44:23 Blacksmith
45:33 Town Hall
45:45 Farm
45:46 Farm
45:48 Farm
45:49 Farm
45:50 Farm
45:51 Farm
45:53 Farm
45:55 Farm
45:55 Farm
46:47 Castle
46:52 Workshop
46:52 Workshop
» items
| Scroll of Town Portal | 8 | |
| Orb of Lightning | 1 | |
| Scroll of Healing | 2 | |
11 total
Legionaries (
green | 80 APM | 5140 actions | 64:12)
9 Archmage
3 Summon Water Elemental
3 Brilliance Aura
2 Blizzard
1 Mass Teleport
7 Blood Mage
3 Flame Strike
3 Banish
1 Summon Phoenix
» actions
| Assign group hotkey | 71 | |
| Basic commands | 214 | |
| Build / train | 299 | |
| ESC pressed | 10 | |
| Enter build submenu | 68 | |
| Enter hero's abilities submenu | 16 | |
| Give item / drop item | 22 | |
| Remove unit from queue | 1 | |
| Right click | 1821 | |
| Select / deselect | 744 | |
| Select group hotkey | 1393 | |
| Use ability | 481 | |
5140 total
» units
| Peasant | 20 | |
| Footman | 4 | |
| Goblin Shredder | 6 | |
| Goblin Zeppelin | 3 | |
| Sorceress | 3 | |
| Gryphon Rider | 9 | |
| Goblin Sapper | 4 | |
| Dragonhawk Rider | 4 | |
| Blue Dragon | 8 | |
61 total
» upgrades
| Masonry | 3 | |
| Sorceress Training | 2 | |
| Storm Hammers | 1 | |
| Cloud | 1 | |
| Lumber Harvesting | 2 | |
| Magic Sentry | 1 | |
| Swords | 3 | |
| Armor | 3 | |
| Animal War Training | 1 | |
17 total
» buildings
| Altar of Kings | 1 | |
| Barracks | 1 | |
| Farm | 9 | |
| Arcane Vault | 1 | |
| Scout Tower | 72 | |
| Lumber Mill | 2 | |
| Town Hall | 4 | |
| Keep | 2 | |
| Guard Tower | 120 | |
| Arcane Sanctum | 1 | |
| Castle | 4 | |
| Arcane Tower | 13 | |
| Gryphon Aviary | 3 | |
| Blacksmith | 2 | |
235 total
» build order
00:34 Altar of Kings
00:35 Barracks
00:49 Farm
01:04 Farm
01:42 Farm
01:58 Arcane Vault
02:07 Scout Tower
02:08 Scout Tower
02:23 Farm
03:07 Lumber Mill
03:08 Lumber Mill
03:37 Farm
04:19 Town Hall
05:39 Keep
05:40 Keep
06:07 Guard Tower
06:08 Guard Tower
06:22 Scout Tower
06:23 Scout Tower
06:25 Scout Tower
06:28 Scout Tower
06:30 Scout Tower
06:35 Scout Tower
06:56 Guard Tower
07:07 Guard Tower
07:07 Guard Tower
07:07 Guard Tower
08:04 Arcane Sanctum
08:14 Scout Tower
08:18 Scout Tower
08:21 Scout Tower
08:37 Castle
08:37 Castle
08:42 Arcane Tower
08:42 Arcane Tower
08:42 Arcane Tower
08:45 Guard Tower
08:46 Guard Tower
08:49 Arcane Tower
08:49 Arcane Tower
08:51 Scout Tower
10:01 Gryphon Aviary
10:02 Gryphon Aviary
10:03 Gryphon Aviary
10:08 Guard Tower
13:46 Town Hall
13:47 Scout Tower
13:48 Scout Tower
13:49 Scout Tower
13:49 Scout Tower
13:51 Scout Tower
13:51 Scout Tower
13:52 Scout Tower
13:53 Scout Tower
13:54 Scout Tower
13:55 Scout Tower
13:56 Scout Tower
13:57 Scout Tower
14:01 Scout Tower
14:02 Scout Tower
14:04 Scout Tower
14:05 Scout Tower
14:27 Guard Tower
14:28 Guard Tower
14:28 Guard Tower
14:42 Scout Tower
14:42 Scout Tower
14:43 Scout Tower
14:44 Scout Tower
14:44 Scout Tower
14:44 Scout Tower
14:45 Scout Tower
14:46 Scout Tower
14:46 Scout Tower
14:47 Scout Tower
14:51 Scout Tower
14:52 Scout Tower
14:54 Scout Tower
14:56 Scout Tower
14:56 Scout Tower
14:57 Scout Tower
14:59 Scout Tower
15:01 Scout Tower
15:20 Guard Tower
15:20 Guard Tower
15:20 Guard Tower
15:29 Blacksmith
15:32 Blacksmith
15:37 Scout Tower
15:37 Scout Tower
15:38 Scout Tower
15:41 Guard Tower
16:54 Guard Tower
16:54 Guard Tower
16:54 Guard Tower
17:17 Guard Tower
17:17 Guard Tower
17:26 Guard Tower
17:26 Guard Tower
17:26 Guard Tower
18:09 Guard Tower
18:09 Guard Tower
18:09 Guard Tower
18:09 Guard Tower
18:27 Guard Tower
18:27 Guard Tower
18:30 Guard Tower
18:30 Guard Tower
18:30 Guard Tower
18:32 Guard Tower
18:35 Guard Tower
18:35 Guard Tower
18:35 Guard Tower
18:35 Guard Tower
19:37 Guard Tower
19:38 Guard Tower
19:38 Guard Tower
19:38 Guard Tower
19:40 Arcane Tower
19:40 Arcane Tower
19:40 Arcane Tower
24:52 Farm
24:55 Farm
24:57 Farm
24:59 Farm
37:28 Scout Tower
37:29 Scout Tower
37:30 Scout Tower
37:30 Scout Tower
37:32 Scout Tower
38:04 Guard Tower
38:05 Guard Tower
38:05 Guard Tower
39:13 Town Hall
39:16 Scout Tower
39:17 Scout Tower
39:19 Scout Tower
39:20 Scout Tower
39:21 Scout Tower
39:22 Scout Tower
39:23 Scout Tower
39:25 Scout Tower
39:46 Guard Tower
39:47 Guard Tower
39:47 Guard Tower
39:47 Guard Tower
39:49 Guard Tower
39:49 Guard Tower
39:49 Guard Tower
39:52 Guard Tower
39:52 Guard Tower
39:53 Guard Tower
39:53 Guard Tower
40:21 Guard Tower
40:21 Guard Tower
40:21 Guard Tower
40:42 Guard Tower
40:42 Guard Tower
40:43 Guard Tower
42:13 Town Hall
42:15 Scout Tower
42:16 Scout Tower
42:17 Scout Tower
42:18 Scout Tower
42:20 Scout Tower
42:21 Scout Tower
42:22 Scout Tower
42:23 Scout Tower
42:24 Scout Tower
42:25 Scout Tower
42:42 Guard Tower
42:42 Guard Tower
42:42 Guard Tower
42:43 Guard Tower
42:43 Guard Tower
42:43 Guard Tower
42:45 Guard Tower
42:45 Guard Tower
42:46 Guard Tower
43:00 Guard Tower
43:00 Guard Tower
43:00 Guard Tower
43:00 Guard Tower
43:36 Guard Tower
43:37 Guard Tower
43:37 Guard Tower
44:09 Guard Tower
44:09 Guard Tower
44:09 Guard Tower
» items
| Scroll of Regeneration | 9 | |
| Mechanical Critter | 4 | |
| Tome of Retraining | 1 | |
| Staff of Sanctuary | 1 | |
| Staff of Teleportation | 2 | |
| Potion of Healing | 11 | |
| Scroll of Town Portal | 9 | |
| Potion of Mana | 2 | |
| Potion of Lesser Invulnerability | 1 | |
| Periapt of Vitality | 1 | |
| Lesser Clarity Potion | 1 | |
42 total
Fuentes (
red | 98 APM | 4218 actions | 42:58)
5 Archmage
2 Summon Water Elemental
3 Brilliance Aura
4 Mountain King
2 Storm Bolt
2 Bash
» actions
| Assign group hotkey | 52 | |
| Build / train | 98 | |
| ESC pressed | 1 | |
| Enter build submenu | 34 | |
| Enter hero's abilities submenu | 9 | |
| Right click | 2033 | |
| Select / deselect | 475 | |
| Select group hotkey | 1387 | |
| Use ability | 129 | |
4218 total
» units
| Peasant | 36 | |
| Rifleman | 5 | |
| Mortar Team | 5 | |
| Siege Engine | 8 | |
54 total
» upgrades
| Masonry | 3 | |
| Lumber Harvesting | 3 | |
| Flare | 1 | |
| Fragmentation Shards | 1 | |
| Barrage | 1 | |
| Flak Cannons | 1 | |
| Flying Machine Bombs | 1 | |
| Gunpowder | 3 | |
| Plating | 2 | |
16 total
» buildings
| Altar of Kings | 1 | |
| Farm | 18 | |
| Barracks | 2 | |
| Blacksmith | 1 | |
| Lumber Mill | 1 | |
| Arcane Vault | 1 | |
| Town Hall | 6 | |
| Keep | 1 | |
| Scout Tower | 29 | |
| Guard Tower | 9 | |
| Workshop | 3 | |
| Castle | 1 | |
| Cannon Tower | 2 | |
| Arcane Tower | 2 | |
77 total
» build order
00:08 Altar of Kings
00:24 Farm
00:58 Farm
01:31 Barracks
01:51 Blacksmith
02:08 Lumber Mill
02:25 Farm
02:31 Arcane Vault
02:39 Barracks
03:20 Farm
03:24 Farm
03:26 Farm
05:15 Town Hall
05:28 Keep
05:38 Scout Tower
05:39 Scout Tower
05:40 Scout Tower
05:44 Farm
05:45 Farm
05:47 Farm
05:48 Farm
07:26 Guard Tower
08:19 Workshop
08:21 Workshop
09:10 Workshop
10:05 Town Hall
10:19 Castle
10:45 Scout Tower
10:46 Scout Tower
10:48 Scout Tower
10:49 Scout Tower
10:50 Scout Tower
10:54 Scout Tower
10:55 Scout Tower
12:41 Cannon Tower
12:44 Guard Tower
13:01 Farm
13:02 Farm
13:04 Farm
13:05 Farm
13:07 Farm
13:09 Farm
14:05 Arcane Tower
14:11 Cannon Tower
14:13 Guard Tower
16:22 Farm
16:24 Farm
16:57 Scout Tower
16:59 Scout Tower
16:59 Scout Tower
18:42 Scout Tower
18:42 Scout Tower
18:44 Scout Tower
18:46 Scout Tower
18:47 Scout Tower
18:49 Scout Tower
18:50 Scout Tower
19:41 Scout Tower
19:42 Scout Tower
19:43 Scout Tower
19:45 Scout Tower
19:46 Scout Tower
19:48 Scout Tower
20:20 Guard Tower
20:23 Arcane Tower
20:25 Guard Tower
20:46 Guard Tower
22:02 Guard Tower
22:56 Guard Tower
27:51 Town Hall
30:36 Town Hall
30:39 Scout Tower
30:44 Scout Tower
30:47 Scout Tower
33:12 Guard Tower
34:12 Town Hall
40:16 Town Hall
» items
| Scroll of Town Portal | 1 | |
| Scroll of Regeneration | 1 | |
2 total
DuffMaster (
teal | 31 APM | 2299 actions | 73:59)
7 Blademaster
3 Wind Walk
3 Critical Strike
1 Bladestorm
5 Shadow Hunter
3 Healing Wave
2 Hex
» actions
| Assign group hotkey | 23 | |
| Basic commands | 317 | |
| Build / train | 82 | |
| Enter build submenu | 33 | |
| Enter hero's abilities submenu | 12 | |
| Give item / drop item | 4 | |
| Remove unit from queue | 2 | |
| Right click | 904 | |
| Select / deselect | 654 | |
| Select group hotkey | 179 | |
| Use ability | 88 | |
2299 total
» units
| Peon | 14 | |
| Grunt | 6 | |
| Tauren | 9 | |
| Shaman | 10 | |
| Blue Dragon | 1 | |
40 total
» upgrades
| Melee Weapons | 3 | |
| Armor | 2 | |
| Shaman Training | 2 | |
| Reinforced Defenses | 1 | |
| Pulverize | 1 | |
| Spiked Barricades | 1 | |
| Berserker Strength | 1 | |
11 total
» buildings
| Altar of Storms | 1 | |
| Orc Burrow | 9 | |
| Barracks | 1 | |
| Voodoo Lounge | 1 | |
| Stronghold | 1 | |
| War Mill | 1 | |
| Watch Tower | 12 | |
| Fortress | 1 | |
| Spirit Lodge | 1 | |
| Tauren Totem | 2 | |
| Great Hall | 3 | |
33 total
» build order
00:03 Altar of Storms
00:13 Orc Burrow
00:34 Barracks
01:24 Orc Burrow
02:24 Voodoo Lounge
03:46 Orc Burrow
04:03 Stronghold
04:38 War Mill
05:54 Watch Tower
05:58 Orc Burrow
06:25 Fortress
07:19 Spirit Lodge
08:55 Tauren Totem
11:08 Orc Burrow
13:21 Great Hall
13:26 Watch Tower
13:39 Watch Tower
14:19 Orc Burrow
14:30 Watch Tower
14:38 Watch Tower
14:50 Orc Burrow
16:06 Orc Burrow
16:09 Tauren Totem
19:38 Watch Tower
22:19 Orc Burrow
24:43 Watch Tower
25:19 Great Hall
28:23 Great Hall
29:13 Watch Tower
29:15 Watch Tower
29:18 Watch Tower
29:20 Watch Tower
29:23 Watch Tower
» items
| Healing Salve | 3 | |
| Scroll of Town Portal | 3 | |
| Orb of Lightning | 1 | |
| Potion of Healing | 1 | |
| Potion of Lesser Invulnerability | 4 | |
| Staff of Teleportation | 1 | |
13 total
Chat log
(00:16 / All) YAMADA1STTIME: oh no u didnt play girl
(00:17 / All) YAMADA1STTIME: oh no u didnt
(00:48 / Allies) ShaPooPy: yeah we might wanna rush
(01:02 / Allies) YAMADA1STTIME: we fine
(01:05 / Allies) YAMADA1STTIME: ill take his mine
(02:36 / Allies) ShaPooPy: we just need to rush i think
(04:17 / Allies) MykonosKing: my bad
(04:45 / Allies) YAMADA1STTIME: reimburseme wiht wood
(04:53 / Allies) MykonosKing: lol
(06:12 / Allies) YAMADA1STTIME: wood
(07:30 / Allies) ShaPooPy: let's push bottom now guys
(08:22 / All) YAMADA1STTIME: bad boy blue
(08:55 / All) YAMADA1STTIME: FOR ROMA
(09:09 / Allies) ShaPooPy: ty pin
(09:11 / Allies) ShaPooPy: k
(11:05 / Allies) YAMADA1STTIME: wood
(11:21 / Allies) YAMADA1STTIME: hit
(15:27 / Allies) ShaPooPy: b
(16:30 / All) Legionaries: owned with 2 heroes
(18:04 / All) Legionaries: hahahaha copycat piece of shit
(18:07 / All) Legionaries: doing it with panda
(18:56 / All) Legionaries: this is how you do it orange
(19:39 / All) ShaPooPy: you killed 4 acos ...
(19:48 / Allies) ShaPooPy: gold me someone
(19:56 / All) Legionaries: don't worry babe
(19:58 / All) Legionaries: I'm coming back
(21:19 / Allies) YAMADA1STTIME: figh ehre
(21:56 / All) Legionaries: lucky as shit
(21:58 / Allies) ShaPooPy: gold me?
(22:03 / All) ShaPooPy: noob shit
(22:19 / All) Legionaries: you can't even come up with your own strategies
(22:20 / Allies) ShaPooPy: i can mass destroyers if somebody golds me
(22:29 / All) Legionaries: I'm still going to kill you with just heroes
(24:35 / Allies) ShaPooPy: somebody gold me i can mass destroyer on them
(24:44 / All) Legionaries: just going to camp in your base all game to defend yourself from 2 heroes?
(26:32 / All) Legionaries: raped
(27:05 / Allies) ShaPooPy: gold me
(28:05 / Allies) YAMADA1STTIME: nuke teals heores
(28:14 / All) Legionaries: yes unsummon and give me less to kill lol
(28:18 / Allies) ShaPooPy: you have to push
(28:25 / Allies) ShaPooPy: cant just play defense with air
(31:28 / Allies) ShaPooPy: yellow walk your tree of eternity to my goldmine
(31:48 / Allies) ShaPooPy: yellow take my goldmine
(31:55 / Allies) ShaPooPy: with your tree of eternity
(33:07 / All) Legionaries: who is noob now, orange?
(33:33 / All) ShaPooPy: yellow has literally been sitting afk with an 80 food army for large portions of this game, i'd beat you 100/100 1v1 games
(33:55 / All) DuffMaster: thats great bro. you play this game a lot. we get it
(33:59 / All) Legionaries: sure you would lol
(34:08 / All) ShaPooPy: we can play after you can pick the map, my race, my hero
(34:14 / All) ShaPooPy: i'll shit on you green
(34:16 / All) YAMADA1STTIME: christ i suck at building halls
(34:18 / All) Legionaries: you'll dodge it
(34:20 / All) YAMADA1STTIME: look at my bot left one
(34:20 / All) ShaPooPy: if you'd like
(34:21 / All) ShaPooPy: nah bro
(34:25 / All) Legionaries: but if you're serious then sure lol
(34:51 / All) YAMADA1STTIME: ill let u keep ur hall red
(34:55 / Allies) MykonosKing: pink can you send me some gold
(35:09 / All) Legionaries: Alright orange
(35:11 / All) Legionaries: 1v1 after this?
(35:11 / Allies) MykonosKing: ty
(35:15 / Allies) ShaPooPy: mass tanks
(35:21 / All) ShaPooPy: yeah look forward to assraping you
(36:00 / Allies) ShaPooPy: pink you have cloud?
(37:21 / All) YAMADA1STTIME: i hate tanks red
(37:24 / All) YAMADA1STTIME: absolutely hate em'
(37:44 / Allies) YAMADA1STTIME: run purp
(37:46 / Allies) ShaPooPy: hide your dh if you need to purple
(37:48 / Allies) ShaPooPy: it's night
(37:50 / Allies) ShaPooPy: fuck -.-
(38:33 / Allies) ShaPooPy: pink green is probably gonna mass gyros and instagib if he catches you alone
(38:37 / Allies) ShaPooPy: so careful
(38:50 / All) YAMADA1STTIME: u get to keep ur heroes red
(39:05 / Allies) YAMADA1STTIME: who wants gold
(39:06 / Allies) YAMADA1STTIME: for heros
(39:15 / Allies) MasterOfWC3: me
(39:19 / All) DuffMaster: can i keep mine?
(39:22 / Allies) MykonosKing: ty
(39:50 / All) YAMADA1STTIME: dead sh
(40:14 / Allies) ShaPooPy: yellow put your shredder on that?
(40:14 / All) DuffMaster: u bitch
(40:18 / All) YAMADA1STTIME: lalw
(40:37 / Allies) ShaPooPy: taunt him
(40:56 / All) YAMADA1STTIME: surprised i only have 13k olgd
(40:59 / Allies) ShaPooPy: lvl 4 mk pink
(41:10 / All) DuffMaster: sick joke
(41:16 / All) Legionaries: I only have 6k
(41:35 / Allies) ShaPooPy: mass detonate those heroes yellow
(41:42 / Allies) ShaPooPy: uproot tree and eat trees
(41:44 / All) DuffMaster: stop picking on my shams
(42:26 / Allies) ShaPooPy: expand all the free goldmines
(42:35 / Allies) ShaPooPy: just in case
(43:05 / All) ShaPooPy: green the problem is your heroes are going to be useless in a standing battle
(43:13 / All) ShaPooPy: so i hope you have a good plan here lol
(43:18 / All) Legionaries: don't worry I do
(43:37 / All) ShaPooPy: spoiler alert it's not gonna work
(43:42 / All) DuffMaster: lol
(43:45 / All) Legionaries: lol
(44:00 / Allies) ShaPooPy: pink why you killing your own castle
(44:01 / All) Legionaries: you're going after every ally of mine
(44:03 / All) Legionaries: but me last
(44:05 / All) Legionaries: because you are scared
(44:15 / All) ShaPooPy: why would they push the base with the most towers first?
(44:38 / All) Legionaries: you have chims
(44:39 / All) Legionaries: moron
(44:42 / Allies) ShaPooPy: pink your castle is 10 food...
(44:51 / Allies) YAMADA1STTIME: ah
(44:54 / Allies) YAMADA1STTIME: my bad
(45:06 / All) ShaPooPy: chimes just barely outrange towers + you obviously massed something to counter air, probably gyros or tanks
(45:40 / Allies) ShaPooPy: you guys need to expo i think because if you lose a battle they'd have a chance
(46:13 / All) Legionaries: "it's not going to work"
(46:20 / All) YAMADA1STTIME: fcuking
(46:21 / All) YAMADA1STTIME: lg
(46:22 / All) YAMADA1STTIME: lag
(46:23 / All) YAMADA1STTIME: God
(46:33 / All) YAMADA1STTIME: shity ass sateliete intenret
(46:36 / All) ShaPooPy: what did you kill green? 1 chim? lol
(46:40 / Allies) YAMADA1STTIME: whats my countdown at?
(47:29 / Allies) ShaPooPy: k green mass drawk and gryphon blue ground
(48:11 / All) ShaPooPy: k it might work, these guys are either very bad or pink is pretending to try but he's actually tking
(48:14 / Allies) YAMADA1STTIME: tp pout purple
(48:25 / Allies) YAMADA1STTIME: purple tp
(48:28 / All) Legionaries: at least your allies didn't get killed by 2 heroes like you LOL
(48:32 / Allies) ShaPooPy: he doesn't have a tp
(49:07 / All) ShaPooPy: i didnt get killed by just 2 heroes you dunce but keep talking because w/e happens here im still shitting all over you in 1v1 a
(49:08 / All) ShaPooPy: after
(49:12 / All) Legionaries: yes you did lol
(49:22 / Allies) YAMADA1STTIME: rez dh purple
(49:30 / All) Legionaries: do you have your port to host forwarded?
(49:33 / All) Legionaries: or should I forward mine
(49:44 / All) ShaPooPy: you can host or me
(49:53 / All) Legionaries: k you host
(50:03 / All) YAMADA1STTIME: wut u guys talking about wasnt listening
(50:15 / All) Legionaries: he wants to 1v1 me lol
(50:16 / All) DuffMaster: something
(50:47 / All) ShaPooPy: thanks to poor play they are giving you guys a chance
(50:59 / All) ShaPooPy: rather than share gold to utilize 300 food
(51:00 / All) YAMADA1STTIME: oh shit beastmaster ultiamte
(51:08 / All) ShaPooPy: pink decided he's gonna try to win with 100 only
(51:30 / All) ShaPooPy: he probably can, but still risky -.-
(52:00 / All) YAMADA1STTIME: robo tinker!
(52:41 / Allies) YAMADA1STTIME: tp
(52:41 / Allies) YAMADA1STTIME: tp
(52:42 / Allies) ShaPooPy: pink
(52:53 / All) ShaPooPy: man some pro teamwork here
(52:57 / All) ShaPooPy: rather than win a battle
(53:01 / All) ShaPooPy: abandon ally for no reason
(53:28 / All) ShaPooPy: oh and kill 90% of expo towers but then run
(53:34 / All) YAMADA1STTIME: i was finishing reds farms
(53:47 / All) ShaPooPy: im 90% convinced pink is actually trying to throw this game
(54:18 / All) ShaPooPy: again rather than win a battle he tps
(54:19 / All) YAMADA1STTIME: mas st is gay
(54:24 / All) Legionaries: I have hawks
(54:27 / All) Legionaries: he has gryphons
(54:31 / All) YAMADA1STTIME: and green has dragons
(54:32 / All) ShaPooPy: you have hawks vs lvl 10 mk lvl 7 dh
(54:35 / All) YAMADA1STTIME: i have to get hawks
(54:42 / Allies) YAMADA1STTIME: lets
(54:44 / Allies) YAMADA1STTIME: kill blue
(54:44 / Allies) YAMADA1STTIME: come
(55:06 / All) Legionaries: I have 2 level 10 dragons
(55:09 / Allies) ShaPooPy: there is blue
(55:35 / All) Legionaries: who's the master now?
(55:56 / All) ShaPooPy: it's not you. I literally would have had 3 leavers on my team here
(56:01 / All) ShaPooPy: this game would have been over in 15 mins
(56:17 / All) ShaPooPy: rather than watch 2 guys with 80 food camping a hp fountain at hull health
(56:22 / Allies) ShaPooPy: for like 5 mins while we lose mines
(56:25 / All) Legionaries: whoops
(56:29 / All) ShaPooPy: for like 5 mins while we lose mines
(57:06 / Allies) ShaPooPy: pink you have like 8 gryphon
(57:10 / Allies) ShaPooPy: dont fight without them
(57:38 / All) Legionaries: no comments on that?
(57:47 / All) ShaPooPy: comments onwhat?
(57:55 / All) ShaPooPy: pink just attacked you with only half his units
(58:00 / All) ShaPooPy: and you didnt even rape him
(58:07 / All) YAMADA1STTIME: ok
(58:07 / All) Legionaries: you didn't even notice me killing all my of allies' units either
(58:11 / All) ShaPooPy: then purple lost lvl 7 dh for no reason
(58:19 / All) ShaPooPy: yes i saw you kill them so what?
(58:30 / All) Legionaries: you are a bit daft
(58:30 / All) DuffMaster: yea, why u kill me bro
(58:39 / All) DuffMaster: i thought we were friends
(58:41 / All) ShaPooPy: This game has been like watching
(58:42 / All) Legionaries: Alright everyone
(58:44 / All) YAMADA1STTIME: lawl
(58:45 / All) Legionaries: Listen up
(58:47 / All) YAMADA1STTIME: mash
(58:48 / All) ShaPooPy: a bunch of noobs who just installed tft
(58:49 / All) Legionaries: Pink and I are in this together
(58:56 / All) Legionaries: We are going to kill everything, including our own units
(58:58 / All) YAMADA1STTIME: the game was rigged , friends
(59:01 / All) Legionaries: You will all have equal chances of winning
(59:11 / All) ShaPooPy: yes, that was my guess when you camped a heal fountain for 5 mins
(59:13 / All) Legionaries: We will leave only buildings and no way of attacking the opponent
(59:18 / All) Legionaries: The last ones to leave will leave victorious
(59:19 / All) ShaPooPy: because you're a retard pink and yellow for some reason
(59:20 / All) Legionaries: Sound fair?
(59:24 / Allies) MasterOfWC3: gold plz
(59:25 / All) ShaPooPy: followed you and did the same thing
(59:25 / All) YAMADA1STTIME: if u leave wc3 and ur comp on all night, u may get the win.
(59:26 / All) Legionaries: Will you all leave your computers on all night for a win?
(59:38 / All) DuffMaster: sounds amazing
(59:42 / All) ShaPooPy: so yeah pussy boy
(59:51 / All) ShaPooPy: gn: xkxkxk
(60:06 / All) Legionaries: no stats on record for xkxkxk
(60:12 / All) Legionaries: or
(60:15 / All) DuffMaster: thats the name of the game
(60:17 / All) Legionaries: I suppose that's the hosted game name
(60:19 / All) Legionaries: yeah
(60:20 / All) DuffMaster: dummy
(60:27 / All) Legionaries: Well I haven't used custom games in years
(60:30 / All) Legionaries: forgot you could even name them
(61:35 / Allies) MykonosKing: ?
(61:41 / All) YAMADA1STTIME: i wonder who will win this
(62:00 / All) YAMADA1STTIME: oj is threatening me
(62:02 / All) YAMADA1STTIME: calling me apussy
(62:02 / All) YAMADA1STTIME: for dodging
(62:21 / All) YAMADA1STTIME: "u have 2 min to join this or ur just a noob twat ur choice"
(62:39 / All) Legionaries: shit
(62:43 / All) Legionaries: teal hid a level 10 dragon lawl
(62:47 / All) Legionaries: didn't notice it until I had just my am
(62:52 / All) YAMADA1STTIME: that
(62:52 / All) Legionaries: oh well
(62:55 / All) YAMADA1STTIME: may be aproblem if u have no hawks
(62:56 / All) DuffMaster: damn u!
(63:07 / All) Legionaries: I don't but oh well
(63:12 / All) Legionaries: iof he kills all your towers with 1 dragon
(63:14 / All) Legionaries: he deserves it
(63:34 / All) Legionaries: I have a farm somewhere
(63:36 / All) YAMADA1STTIME: sould i leave a few dhawks for my team
(63:38 / All) YAMADA1STTIME: or mk
(63:39 / All) Legionaries: oh
(63:48 / All) Legionaries: leave a mk
(63:51 / All) YAMADA1STTIME: did u kill
(63:54 / All) Legionaries: just 3 hawks
(63:58 / All) Legionaries: he gets his dragon
(63:59 / All) YAMADA1STTIME: yellow chims
(64:02 / All) DuffMaster: hawks are badass
(64:04 / All) Legionaries: my side is done
(64:07 / All) Legionaries: LET IT BEGIN, LET IT BEGIN!
(64:09 / All) YAMADA1STTIME: check my side
(64:10 / All) Legionaries: Gonna fight that guy in 1v1 now
(64:12 / All) YAMADA1STTIME: im not sure
(64:14 / All) YAMADA1STTIME: yellow
(64:57 / All) YAMADA1STTIME: leaving my team mk
(64:58 / All) YAMADA1STTIME: k
(65:01 / All) YAMADA1STTIME: he has orb
(65:02 / All) YAMADA1STTIME: teal
(65:07 / All) DuffMaster: good to know
(66:06 / All) YAMADA1STTIME: on my honor as a wc3 player i will not touch my mk
(66:10 / All) YAMADA1STTIME: its yellow and purp using him
(67:46 / All) DuffMaster: well this is pointless
(67:49 / All) YAMADA1STTIME: gave my team resources so they can get zepploins
(67:55 / All) YAMADA1STTIME: i know lawl
(67:57 / All) YAMADA1STTIME: never will end
(68:04 / All) DuffMaster: im just gonna leave him
(68:13 / All) YAMADA1STTIME: wouldnt do that
(68:22 / All) YAMADA1STTIME: he could lead dragon away
(68:24 / All) YAMADA1STTIME: then kill it
(68:26 / All) DuffMaster: u got backup
(68:43 / All) YAMADA1STTIME: we all are 0/0 food if mk dies u win , if u can finish towers
(69:02 / All) DuffMaster: theres no way i kill this guy
(69:08 / All) YAMADA1STTIME: u dont have to lol
(69:13 / All) YAMADA1STTIME: just finish the buildigns
(69:24 / All) YAMADA1STTIME: it'll take u a couple hours if they use tp staff
(69:28 / All) DuffMaster: blah
(70:05 / All) YAMADA1STTIME: hmm
(70:11 / All) YAMADA1STTIME: did mks bash stun work on ur dragon
(70:25 / All) DuffMaster: idk
(70:58 / All) DuffMaster: you know what
(71:01 / All) DuffMaster: gg pal
(71:03 / All) DuffMaster: im out
(71:03 / All) YAMADA1STTIME: not worht it lawl
(71:08 / All) YAMADA1STTIME: u could leave ur comp on
(71:11 / All) DuffMaster: really not
(71:18 / All) DuffMaster: yea im just gonna play another game
(71:22 / All) DuffMaster: its not that serious
(71:29 / All) DuffMaster: im a level 3
(71:31 / All) DuffMaster: wtf do i care
(71:34 / All) YAMADA1STTIME: good point
(71:52 / All) DuffMaster: get in another game?
(72:06 / All) YAMADA1STTIME: gonna watch greens game after he will sned me replay
(72:13 / All) YAMADA1STTIME: prob wont search for anothe 30 min
(72:15 / All) DuffMaster: alright,
(72:18 / All) DuffMaster: welp
(72:23 / All) DuffMaster: then .. see ya never
(73:22 / All) DuffMaster: hes just too strong
(73:36 / All) YAMADA1STTIME: u could easily win this i woiuldnt even target mk
(73:38 / All) YAMADA1STTIME: til i had to
(73:43 / All) YAMADA1STTIME: id focus island towers
(73:43 / All) DuffMaster: yea
(73:44 / All) DuffMaster: no